 Dungeon Crawl Stone Soup version 0.30.1-1-g62c8e00024 (webtiles) character file.

Game seed: 10486325498922390345

96171 LynnLen the Unseen (level 15, -2/80 HPs)
             Began as a Spriggan Enchanter on July 15, 2023.
             Was the Champion of Nemelex Xobeh.
             Killed from afar by a will-o-the-wisp (6 damage)
             ... with a foxfire
             ... on level 1 of the Swamp on July 16, 2023.
             The game lasted 01:54:06 (30881 turns).

LynnLen the Unseen (Spriggan Enchanter)            Turns: 30881, Time: 01:54:07

Health: -2/80      AC: 12    Str:  4    XL:     15   Next: 68%
Magic:  30/32      EV: 31    Int: 26    God:    Nemelex Xobeh [******]
Gold:   468        SH:  0    Dex: 24    Spells: 1/38 levels left

rFire   + . .        B - +6 dagger (freeze)
rCold   + . .        (no shield)
rNeg    . . .        r - +2 steam dragon scales
rPois   .            b - +2 hat {Stlth+}
rElec   .            l - +2 cloak
rCorr   .            (gloves unavailable)
SInv    +            (boots unavailable)
Will    +....        n - amulet of regeneration
Stlth   +++++++++    W - ring "Kekaoth" {rF+ rC+ Int+4 Dex+6 Stlth+}
HPRegen 1.13/turn    s - ring of wizardry
MPRegen 0.23/turn

%: wizardry (x1)
@: weak-willed, very quick
A: very small, no large weapons, unfitting armour, see invisible, speed 3
a: Renounce Religion, Draw Escape, Draw Destruction, Draw Summoning, Triple
Draw, Deal Four, Stack Five


You were on level 1 of the Swamp.
You worshipped Nemelex Xobeh.
Nemelex Xobeh was exalted by your worship.
You visited 5 branches of the dungeon, and saw 24 of its levels.
You also visited: Gauntlet and Ice Cave.

You collected 2454 gold pieces.
You spent 1986 gold pieces at shops.

Inventory:

Hand Weapons
 d - a +2 dagger of venom
 B - a +6 dagger of freezing (weapon)
 F - a +1 double sword of freezing
 I - a +2 dagger of holy wrath
Armour
 b - a +2 hat of stealth (worn)
 l - a +2 cloak (worn)
 r - +2 steam dragon scales (worn)
 D - a scarf of resistance
Jewellery
 e - a ring of poison resistance
 h - a ring of protection from cold
 n - an amulet of regeneration (around neck)
 s - a ring of wizardry (right hand)
 A - a +6 ring of dexterity
 E - a +4 ring of protection
 H - a ring of resist corrosion
 N - a +5 ring of evasion
 W - the ring "Kekaoth" (left hand) {rF+ rC+ Int+4 Dex+6 Stlth+}
   (You found it in a Gauntlet)

   [ring of dexterity]

   Int:       It affects your intelligence (+4).
   Dex:       It affects your dexterity (+6).
   rF:        It protects you from fire.
   rC:        It protects you from cold.
   Stlth:     It makes you more stealthy.
Wands
 i - a wand of light (48)
 t - a wand of mindburst (14)
 u - a wand of polymorph (14)
 y - a wand of flame (37)
 C - a wand of digging (3)
 M - a wand of roots (7)
 T - a wand of charming (15)
Scrolls
 a - 14 scrolls of teleportation
 c - 10 scrolls of identify
 f - 4 scrolls of vulnerability
 k - 4 scrolls of amnesia
 m - 5 scrolls of immolation
 q - 5 scrolls of poison
 v - 5 scrolls of blinking
 G - a scroll of silence
 J - a scroll of torment
 O - 4 scrolls of fog
 V - a scroll of fear
Potions
 g - 2 potions of ambrosia
 j - 3 potions of curing
 o - a potion of might
 p - 10 potions of haste
 w - 2 potions of brilliance
 x - 4 potions of cancellation
 z - 3 potions of mutation
 K - 2 potions of lignification
 L - a potion of flight
 R - 5 potions of attraction
 Y - 4 potions of invisibility
Miscellaneous
 Q - a phial of floods
 U - a tin of tremorstones (2/2)
 X - a lightning rod (4/4)


   Skills:
 - Level 10.0 Fighting
 - Level 10.0 Short Blades
 + Level 13.4 Dodging
 + Level 17.8 Stealth
 + Level 12.3 Spellcasting
 * Level 1.2 Conjurations
 - Level 12.4 Hexes
 * Level 1.4 Earth Magic
 - Level 7.0 Poison Magic
 + Level 8.3 Invocations
 + Level 10.7 Evocations


You had one spell level left.
You knew the following spells:

 Your Spells              Type           Power      Damage    Failure   Level
a - Ensorcelled Hibernat  Hex/Ice        96%        N/A       1%          2
b - Confusing Touch       Hex            69%        N/A       1%          3
c - Tukima's Dance        Hex            69%        N/A       1%          3
d - Olgreb's Toxic Radia  Pois           51%        N/A       1%          4
e - Poisonous Vapours     Pois/Air       68%        N/A       1%          2
f - Stone Arrow           Conj/Erth      46%        3d9       2%          3
g - Iron Shot             Conj/Erth      11%        9d3       75%         6
h - Petrify               Tmut/Erth      19%        N/A       11%         4
i - Lee's Rapid Deconstr  Erth           11%        3d8*      22%         5
j - Iskenderun's Battles  Conj           22%        2d8       24%         5

Your spell library contained the following spells:

 Spells                   Type           Power      Damage    Failure   Level
 Kiss of Death            Conj/Necr      76%        2d11      1%          1
 Sandblast                Erth           46%        2d11      1%          1
 Sting                    Tmut/Pois      100%       1d8       1%          1
 Passwall                 Tmut/Erth      15%        N/A       1%          2
 Dazzling Flash           Conj/Hex       100%       N/A       1%          3
 Inner Flame              Hex/Fire       48%        N/A       1%          3
 Spider Form              Tmut/Pois      34%        N/A       1%          3
 Leda's Liquefaction      Hex/Erth       25%        N/A       1%          4
 Lesser Beckoning         Tloc           32%        N/A       2%          2
 Hailstorm                Conj/Ice       19%        3d6       3%          3
 Silence                  Hex/Air        24%        N/A       3%          5
 Summon Mana Viper        Hex/Summ       48%        N/A       3%          5
 Yara's Violent Unravell  Hex/Tmut       24%        3d11      3%          5
 Frozen Ramparts          Ice            32%        1d5       4%          3
 Gell's Gravitas          Tloc           16%        N/A       4%          3
 Swiftness                Air            16%        N/A       4%          3
 Teleport Other           Tloc           16%        N/A       4%          3
 Animate Armour           Summ/Erth      38%        N/A       11%         4
 Flame Wave               Conj/Fire      19%        2d7       12%         4
 Sticky Flame             Conj/Fire      19%        2d4       12%         4
 Animate Dead             Necr           16%        N/A       16%         4
 Dispel Undead            Necr           16%        3d10      16%         4
 Ice Form                 Ice/Tmut       16%        N/A       16%         4
 Passage of Golubria      Tloc           16%        N/A       16%         4
 Summon Ice Beast         Ice/Summ       16%        N/A       16%         4
 Fireball                 Conj/Fire      9%         3d6       30%         5
 Irradiate                Conj/Tmut      9%         3d14      30%         5
 Agony                    Necr           16%        N/A       38%         5
 Blade Hands              Tmut           8%         N/A       38%         5
 Statue Form              Tmut/Erth      12%        N/A       82%         6
 Conjure Ball Lightning   Conj/Air       9%         3x3d6     83%         6
 Simulacrum               Ice/Necr       8%         N/A       89%         6
 Orb of Destruction       Conj           11%        9d6       99%         7
 Dragon Form              Tmut           8%         N/A       100%        7
 Haunt                    Necr/Summ      8%         N/A       100%        7
 Monstrous Menagerie      Summ           8%         N/A       100%        7
 Infestation              Necr           8%         N/A       100%        8


Dungeon Overview and Level Annotations

Branches:
Dungeon (15/15)            Temple (1/1) D:7            Lair (5/5) D:9
  Swamp (1/4) Lair:2        Snake (0/4) Lair:3        Slime (0/5) Lair:5
    Orc (2/2) D:9             Elf (0/3) Orc:2        Vaults (0/5) D:13
 Depths (0/4) D:15          IceCv (visited)         Gauntlet (visited)

Altars:
Ashenzari
Cheibriados
Dithmenos
Elyvilon
Fedhas
Gozag
Hepliaklqana
Kikubaaqudgha
Makhleb
Nemelex Xobeh
Okawaru
Qazlal
Ru
Sif Muna
Trog
Uskayaw
Vehumet
Wu Jian
Xom
Yredelemnul
Zin
The Shining One
Jiyva

Shops:
D:3 :   D:10 *   Orc:2 (?*[


Innate Abilities, Weirdness & Mutations

You are very small and have problems with some larger weapons.
You are too small for most types of armour.
You have supernaturally acute eyesight. (SInv)
You cover ground extremely quickly. (Speed+++)


Message History

Your hands stop glowing.
You puncture the will-o-the-wisp!
The will-o-the-wisp is moderately damaged.
The will-o-the-wisp engulfs you!
You hit the will-o-the-wisp but do no damage.
The will-o-the-wisp is moderately damaged.
You hit the will-o-the-wisp.
The will-o-the-wisp is moderately damaged.
The will-o-the-wisp closely misses you.
You completely miss the will-o-the-wisp.
The will-o-the-wisp is moderately damaged.
You closely miss the will-o-the-wisp.
The will-o-the-wisp is moderately damaged.
The will-o-the-wisp gestures.
The will-o-the-wisp conjures some foxfire! 2 foxfires come into view.
You barely miss the will-o-the-wisp.
The will-o-the-wisp is moderately damaged.
The foxfire hits you! You resist.
You hit the will-o-the-wisp.
The will-o-the-wisp is moderately damaged.
The will-o-the-wisp gestures.
The will-o-the-wisp conjures some foxfire! 2 foxfires come into view.
You hit the will-o-the-wisp.
The will-o-the-wisp is heavily damaged.
The foxfire hits you! You resist.
* * * LOW HITPOINT WARNING * * *
The foxfire hits you! You resist.
* * * LOW HITPOINT WARNING * * *
You barely miss the will-o-the-wisp.
The will-o-the-wisp is heavily damaged.
The will-o-the-wisp gestures.
The will-o-the-wisp conjures some foxfire! 2 foxfires come into view.
You feel better. The foxfire hits you! You resist.
* * * LOW HITPOINT WARNING * * *
The foxfire hits you. You resist.
You die...
Your body glows with a rainbow of weird colours and disappears.

♣.~~..♣ ♣♣♣♣♣♣
♣.~~~.♣♣♣~..~♣♣♣ ♣~~§.
.~~~.♣♣..~~..~♣ ♣.>...
♣...~~~.~~~~~~♣♣♣.~~.~..
~..~.~~~~~~~...♣.~~.~~~
♣♣~♣♣~~~~~~~..~~...~.§.♣
♣♣♣♣♣..♣♣..§~~..~♣~.......~.
♣.......~..§v§....♣♣.>...~~~
♣~~~..♣~...@v§♣§§§v§~~...~~~
♣♣.....~~~..§♣♣~~§§§§~.~♣..~
♣♣♣~♣..~~~~♣♣♣♣♣♣♣...~..~~~
♣~~.~.~~~~♣♣ ♣†.~...~~~
♣♣.~...~~~†~♣♣ ♣♣♣♣~~..~~
♣.....~~§~~..♣ v...~~
♣♣.....[.~§~.~♣ ...~~~
♣...####.....♣♣ ♣~.~~.
♣..##.|.##..§♣♣ ..~..


You could see a will-o-the-wisp.

Vanquished Creatures
  Gastronok (Lair:2)
  Kirke (Lair:4)
  An eleionoma (Swamp:1)
  A minotaur (Gauntlet)
  A fire dragon (Lair:5)
  6 hydras
  An ogre mage (D:13)
  Erica (Lair:2)
  3 centaur warriors (D:14)
  7 two-headed ogres
  4 boulder beetles
  3 alligators (Swamp:1)
  An orc high priest (Orc:2)
  A deep troll earth mage (D:11)
  6 death yaks
  2 tengu warriors (D:15)
  A deep elf knight (D:13)
  2 skysharks
  Amaemon (D:11)
  A fire crab (Lair:5)
  A skeletal warrior (D:15)
  A spriggan (Lair:3)
  A golden dragon zombie (D:15)
  2 bog bodies (IceCv)
  4 lindwurms (Lair:2)
  A necromancer (Gauntlet)
  Pikel (D:4)
  9 ugly things
  6 orc sorcerers
  3 manticores
  5 cyclopes
  5 black mambas
  14 cane toads
  15 elephants
  An ice statue (IceCv)
  An orange demon (D:11)
  4 gargoyles
  2 molten gargoyles (Lair:5)
  Maggie (D:9)
  3 kobold demonologists
  An efreet (D:15)
  11 komodo dragons
  A spriggan zombie (D:15)
  A freezing wraith (D:14)
  2 anaconda simulacra (IceCv)
  A rime drake (Lair:1)
  3 yaktaurs (D:13)
  2 ice devils (Lair:2)
  2 trolls (D:12)
  4 polar bears
  A hornet (Lair:3)
  4 blink frogs (Lair:4)
  13 slime creatures
  2 shadows
  51 yaks
  A wraith (D:11)
  2 vampires
  2 hogs (Lair:4)
  5 wyverns
  A dire elephant simulacrum (IceCv)
  9 basilisks
  7 steam dragons
  26 vampire mosquitoes
  2 wargs
  2 nagas (Lair:3)
  A swamp worm (Swamp:1)
  2 hydra simulacra (IceCv)
  A harpy simulacrum (IceCv)
  3 acid dragons
  3 hell hounds (Lair:5)
  10 water moccasins
  5 orc warriors
  An ice beast (D:4)
  2 sky beasts
  Duvessa (D:6)
  5 black bears
  13 centaurs
  16 wolves
  4 ogres
  6 kobold brigands
  13 bullfrogs
  6 necrophages (Lair:4)
  A gnoll sergeant (Orc:1)
  6 two-headed ogre simulacra (IceCv)
  3 cane toad simulacra (IceCv)
  16 wights
  Dowan (D:6)
  2 elephant simulacra (IceCv)
  21 killer bees
  4 howler monkeys
  4 hounds
  3 lava snakes (Lair:5)
  11 orc priests
  5 iguanas
  Crazy Yiuf (D:3)
  Terence (D:2)
  30 orc wizards
  A sleepcap (D:5)
  A polar bear simulacrum (IceCv)
  7 spriggan simulacra (IceCv)
  5 troll simulacra (IceCv)
  2 wolf simulacra (IceCv)
  2 gnolls (Orc:2)
  6 adders
  8 naga simulacra (IceCv)
  A shadow imp (D:7)
  8 white imps
  8 ufetubi
  A worm (D:3)
  4 dart slugs
  52 orcs
  5 endoplasms
  5 goblins
  6 hobgoblins
  5 quokkas
  6 ball pythons
  4 bats
  A frilled lizard (D:2)
  22 kobolds
  8 rats
650 creatures vanquished.

Vanquished Creatures (collateral kills)
  A skeletal warrior (D:15)
  A phantasmal warrior (D:15)
  A necromancer (D:15)
  A stone giant skeleton (D:15)
  A spriggan zombie (D:15)
  7 orc warriors
  2 ogres
  4 wights
  2 orc priests
  An orc wizard (Orc:2)
  3 gnolls (Orc:2)
  5 orcs
29 creatures vanquished.

Vanquished Creatures (others)
  4 dancing weapons (D:6)
  An orc wizard (Orc:1)
  3 orcs
  A kobold (D:10)
  27 foxfires (Swamp:1)
36 creatures vanquished.

Grand Total: 715 creatures vanquished

Notes
Turn   | Place    | Note
-------+----------+-------------------------------------------
     0 | D:1      | LynnLen the Spriggan Enchanter began the quest for the Orb.
     0 | D:1      | Reached XP level 1. HP: 9/9 MP: 5/5
   354 | D:1      | Reached XP level 2. HP: 7/14 MP: 6/6
   409 | D:1      | Learned a level 2 spell: Ensorcelled Hibernation
  1076 | D:2      | Noticed Terence
  1081 | D:2      | Killed Terence
  1082 | D:2      | Reached skill level 5 in Stealth
  1082 | D:2      | Reached XP level 3. HP: 17/17 MP: 6/8
  1783 | D:3      | Reached XP level 4. HP: 21/21 MP: 9/9
  1957 | D:3      | Reached skill level 1 in Fighting
  2053 | D:3      | Found Rifap's Book Emporium.
  2105 | D:3      | Found a runed translucent door.
  2106 | D:3      | Noticed Crazy Yiuf
  2632 | D:3      | Killed Crazy Yiuf
  2823 | D:4      | Noticed an ice beast
  2828 | D:4      | Reached skill level 6 in Stealth
  2838 | D:4      | Reached XP level 5. HP: 25/25 MP: 4/11
  2842 | D:4      | Learned a level 3 spell: Confusing Touch
  2846 | D:4      | Learned a level 3 spell: Tukima's Dance
  2994 | D:4      | Noticed Pikel
  2994 | D:4      | Noticed a lemure
  2994 | D:4      | Noticed a lemure
  2994 | D:4      | Noticed a lemure
  2999 | D:4      | Killed Pikel
  3000 | D:4      | Reached skill level 7 in Stealth
  3000 | D:4      | Reached skill level 5 in Hexes
  3000 | D:4      | Reached XP level 6. HP: 24/30 MP: 9/13
  3000 | D:4      | Reached XP level 7. HP: 28/35 MP: 9/14
  3302 | D:4      | Found an opulent altar of Gozag.
  3428 | D:4      | Reached skill level 8 in Stealth
  3626 | D:5      | Entered Level 5 of the Dungeon
  3807 | D:5      | Reached skill level 5 in Dodging
  3968 | D:5      | Found a stormy altar of Qazlal.
  3971 | D:5      | Found a bloodstained altar of Trog.
  3975 | D:5      | Reached skill level 9 in Stealth
  3975 | D:5      | Reached XP level 8. HP: 39/39 MP: 16/16
  4028 | D:5      | Reached skill level 5 in Spellcasting
  4176 | D:6      | Noticed Dowan
  4220 | D:6      | Noticed Duvessa
  4232 | D:6      | Killed Duvessa
  4253 | D:6      | Killed Dowan
  4334 | D:6      | Reached skill level 10 in Stealth
  4744 | D:6      | Reached XP level 9. HP: 34/44 MP: 15/18
  5176 | D:6      | Reached skill level 5 in Short Blades
  5176 | D:6      | Reached skill level 11 in Stealth
  6345 | D:7      | Reached skill level 12 in Stealth
  6560 | D:7      | Found a staircase to the Ecumenical Temple.
  6577 | Temple   | Entered the Ecumenical Temple
  6748 | Temple   | Became a worshipper of Nemelex Xobeh the Trickster
  7012 | D:7      | Found a radiant altar of Vehumet.
  7128 | D:8      | Reached XP level 10. HP: 51/51 MP: 21/21
  7586 | D:8      | Reached skill level 13 in Stealth
  7640 | D:8      | Reached * piety under Nemelex Xobeh
  7650 | D:8      | Received a gift from Nemelex Xobeh
  7702 | D:8      | Found a shadowy altar of Dithmenos.
  7848 | D:8      | Found a sacrificial altar of Ru.
  8356 | D:9      | Found a staircase to the Orcish Mines.
  8442 | D:9      | Found a glowing golden altar of the Shining One.
  8757 | D:3      | Bought a Young Poisoner's Handbook for 280 gold pieces
  8940 | D:9      | Noticed Maggie
  8958 | D:9      | Killed Maggie
  8959 | D:9      | Reached skill level 1 in Evocations
  9050 | D:9      | Found a staircase to the Lair.
  9050 | D:9      | Noticed an elephant
  9068 | D:9      | Reached skill level 1 in Invocations
  9081 | D:9      | Killed an elephant
  9280 | D:9      | Reached skill level 5 in Fighting
  9583 | Lair:1   | Entered Level 1 of the Lair of Beasts
  9583 | Lair:1   | Reached ** piety under Nemelex Xobeh
  9596 | Lair:1   | Noticed a cane toad
  9608 | Lair:1   | Killed a cane toad
  9665 | Lair:1   | Reached XP level 11. HP: 42/55 MP: 18/24
 10083 | Lair:1   | Learned a level 4 spell: Olgreb's Toxic Radiance
 10090 | Lair:1   | Learned a level 2 spell: Poisonous Vapours
 10754 | Lair:2   | Reached skill level 1 in Poison Magic
 10789 | Lair:2   | Noticed Erica
 10826 | Lair:2   | Reached *** piety under Nemelex Xobeh
 10865 | Lair:2   | Reached skill level 14 in Stealth
 10931 | Lair:2   | Found a frozen archway.
 11012 | IceCv    | Entered an ice cave
 11760 | IceCv    | Noticed a bog body
 11763 | IceCv    | Noticed a bog body
 11768 | IceCv    | Killed a bog body
 11771 | IceCv    | Killed a bog body
 12972 | Lair:2   | Noticed a death yak
 12973 | Lair:2   | Noticed a death yak
 13180 | Lair:2   | Noticed a lindwurm
 13196 | Lair:2   | Found a staircase to the Swamp.
 13211 | Lair:2   | Reached skill level 5 in Evocations
 13224 | Lair:2   | Reached XP level 12. HP: 56/60 MP: 18/25
 13369 | Lair:2   | Reached skill level 10 in Dodging
 13373 | Lair:2   | Received a gift from Nemelex Xobeh
 13402 | Lair:2   | Noticed Gastronok
 13409 | Lair:2   | Killed Gastronok
 13577 | Lair:2   | Noticed a four-headed hydra
 13584 | Lair:2   | Killed a four-headed hydra
 13663 | Lair:2   | Killed Erica
 13776 | Lair:2   | Killed a death yak
 14206 | Lair:3   | Noticed a boulder beetle
 14307 | Lair:3   | Reached skill level 15 in Stealth
 14339 | Lair:3   | Killed a boulder beetle
 14372 | Lair:3   | Reached **** piety under Nemelex Xobeh
 14407 | Lair:3   | Reached skill level 10 in Short Blades
 14574 | Lair:3   | Noticed an eight-headed hydra
 14581 | Lair:3   | Killed an eight-headed hydra
 14664 | Lair:3   | Found a staircase to the Snake Pit.
 14712 | Lair:3   | Received a gift from Nemelex Xobeh
 15384 | Lair:4   | Reached skill level 10 in Hexes
 15389 | Lair:4   | Reached skill level 5 in Invocations
 15571 | Lair:4   | Noticed Kirke
 15742 | Lair:4   | Received a gift from Nemelex Xobeh
 15753 | Lair:4   | Reached XP level 13. HP: 66/66 MP: 22/27
 15857 | Lair:4   | Reached ***** piety under Nemelex Xobeh
 16430 | Lair:4   | Reached skill level 10 in Spellcasting
 16441 | Lair:4   | Identified the +4 short sword of a Labyrinth {vamp, rElec
                  | Str+2}
 17044 | Lair:4   | Received a gift from Nemelex Xobeh
 17456 | Lair:4   | Killed Kirke
 17457 | Lair:4   | Reached skill level 5 in Poison Magic
 17565 | Lair:5   | Entered Level 5 of the Lair of Beasts
 18047 | Lair:5   | Reached skill level 16 in Stealth
 18283 | Lair:5   | Received a gift from Nemelex Xobeh
 18584 | Lair:5   | Found a viscous altar of Jiyva.
 18584 | Lair:5   | Found a staircase to the Slime Pits.
 19265 | Lair:5   | Found a large runed translucent door.
 19265 | Lair:5   | Noticed a fire dragon
 19266 | Lair:5   | Found a large runed translucent door.
 19825 | Lair:5   | Killed a fire dragon
 19826 | Lair:5   | Reached XP level 14. HP: 73/73 MP: 26/29
 20216 | Orc:1    | Entered Level 1 of the Orcish Mines
 20753 | Orc:2    | Entered Level 2 of the Orcish Mines
 21433 | Orc:2    | Found a staircase to the Elven Halls.
 21860 | Orc:2    | Received a gift from Nemelex Xobeh
 22168 | Orc:2    | Found Mihi's Magic Scroll Shoppe.
 22168 | Orc:2    | Found Roilut's Antique Armour Emporium.
 22174 | Orc:2    | Found Efaibihi's Antique Weapon Shoppe.
 22174 | Orc:2    | Found Beczoil's Assorted Antiques.
 22240 | Orc:2    | Bought a scroll labelled ESA XIAMAW for 32 gold pieces
 22793 | Orc:2    | Bought a scroll of identify for 32 gold pieces
 22793 | Orc:2    | Bought a scroll of identify for 32 gold pieces
 22793 | Orc:2    | Bought a scroll of fog for 64 gold pieces
 22793 | Orc:2    | Bought a scroll of vulnerability for 64 gold pieces
 22793 | Orc:2    | Bought a scroll of poison for 64 gold pieces
 22793 | Orc:2    | Bought a scroll of identify for 32 gold pieces
 22793 | Orc:2    | Bought a scroll of amnesia for 64 gold pieces
 22867 | D:10     | Entered Level 10 of the Dungeon
 23382 | D:10     | Found Tulepsev's General Store.
 23394 | D:10     | Received a gift from Nemelex Xobeh
 23424 | D:10     | Bought a potion of invisibility for 104 gold pieces
 23424 | D:10     | Bought a phial of floods for 520 gold pieces
 23424 | D:10     | Bought a scroll of enchant armour for 97 gold pieces
 23424 | D:10     | Bought a scroll of enchant weapon for 97 gold pieces
 23620 | D:10     | Received a gift from Nemelex Xobeh
 24087 | D:11     | Learned a level 3 spell: Stone Arrow
 24100 | D:11     | Received a gift from Nemelex Xobeh
 24257 | D:11     | Noticed Amaemon
 24280 | D:11     | Killed Amaemon
 24608 | D:11     | Found a gate leading to a gauntlet.
 24691 | Gauntlet | Entered a Gauntlet
 24691 | Gauntlet | Found a transporter.
 24691 | Gauntlet | Found a transporter.
 24691 | Gauntlet | Found a transporter.
 24700 | Gauntlet | Found a transporter.
 24710 | Gauntlet | Found a transporter.
 24727 | Gauntlet | Found a transporter.
 24739 | Gauntlet | Received a gift from Nemelex Xobeh
 24742 | Gauntlet | Found a transporter.
 24754 | Gauntlet | Found a transporter.
 24765 | Gauntlet | Found a transporter.
 24777 | Gauntlet | Found a transporter.
 24829 | Gauntlet | Found a transporter.
 24829 | Gauntlet | Found a transporter.
 24962 | Gauntlet | Identified the ring "Kekaoth" {rF+ rC+ Int+4 Dex+6 Stlth+}
 25242 | Gauntlet | Got Bairogh's Omnibus of the Tundra
 25566 | D:12     | Reached skill level 17 in Stealth
 25716 | D:12     | Reached ****** piety under Nemelex Xobeh
 25793 | D:12     | Received a gift from Nemelex Xobeh
 26220 | D:12     | Identified the +3 plate armour of the Pit {rN+ MP+9 Str+4
                  | Dex-2}
 26791 | D:13     | Reached XP level 15. HP: 70/79 MP: 22/31
 26804 | D:13     | Found a gate to the Vaults.
 27382 | D:13     | Found a hazy altar of Hepliaklqana.
 27531 | D:13     | Received a gift from Nemelex Xobeh
 28035 | D:14     | Reached skill level 10 in Evocations
 28084 | D:14     | Received a gift from Nemelex Xobeh
 28727 | D:15     | Entered Level 15 of the Dungeon
 28760 | D:15     | Got Sif Muna's Spellbook of the Transforming Volcano
 28781 | D:15     | Received a gift from Nemelex Xobeh
 29471 | D:15     | Found a staircase to the Depths.
 29812 | D:15     | Identified the -1 quarterstaff of Dishonesty {heavy, rF++}
 30154 | D:3      | Bought a book of Iron for 504 gold pieces
 30161 | D:3      | Learned a level 6 spell: Iron Shot
 30166 | D:3      | Learned a level 4 spell: Petrify
 30172 | D:3      | Learned a level 5 spell: Lee's Rapid Deconstruction
 30178 | D:3      | Learned a level 5 spell: Iskenderun's Battlesphere
 30438 | Lair:2   | Reached skill level 10 in Fighting
 30561 | Lair:2   | Identified the +7 long sword "Afek" {heavy, Will+ Str+2
                  | Int+4}
 30647 | Swamp:1  | Entered Level 1 of the Swamp
 30664 | Swamp:1  | Reached skill level 1 in Earth Magic
 30714 | Swamp:1  | Reached skill level 1 in Conjurations
 30879 | Swamp:1  | HP: 3/80 [will-o-the-wisp/foxfire (12)]
 30881 | Swamp:1  | Killed from afar by a will-o-the-wisp

Illustrated notes

Levels and vault maps discovered:
D:1:      spicycebolla_arrival_ecumenical, layout_loops_ring, solitary_fountain,
          minmay_misc_feat_enclosed, st_stairs_3, chequers_serial_rivers_large_a
D:2:      layout_basic, uniq_terence
D:3:      layout_basic, serial_shops, nicolae_book_shop_shelving,
          uniq_crazy_yiuf_cottage
D:4:      layout_basic, general_overflow_altar, uniq_pikel
D:5:      layout_basic, chequers_temple_overflow_statue_of_worship,
          serial_curves, eino_curves_01, eino_curves_01, eino_curves_01,
          eino_curves_02
D:6:      layout_basic, kennysheep_generic_room_13, uniq_duvessa
D:7:      layout_rooms, mainiacjoe_overflow_surrounded_room,
          minmay_temple_entry_offerings, grunt_ministairs_10,
          grunt_decor_resistance
D:8:      layout_basic, grunt_dithmenos_smoke, nicolae_ru_path_of_blood
D:9:      layout_roguey, nicolae_overflow_crystal_walls, david_lair_generic,
          hiddenorc1_lemuel, kennysheep_generic_room_6, uniq_maggie
D:10:     layout_basic, serial_shops, nicolae_shop_window_shopping, eino_jars
D:11:     minmay_roctagon, layout_loops_cross, gauntlet_entry_generic,
          uniq_amaemon
D:12:     layout_roguey, lemuel_flame_loot_1
D:13:     layout_irregular_city, hangedman_vaults_entry_quadrant_bands,
          worldfamousw_hep_ancestral_shrine
D:14:     layout_roguey, nicolae_integral_box, kennysheep_minor_cross
D:15:     gammafunk_depths_entry_grave, layout_small_grid, serial_park_tiny_1
Temple:   nicolae_temple_superstar
Lair:1:   layout_regular_city, minivault_26, infiniplex_staircase_pool_2
Lair:2:   layout_regular_city, minmay_swamp_entry_swarm,
          portal_ice_cave_demonic_guard, minmay_lindwurm_lava, uniq_gastronok,
          uniq_erica
Lair:3:   layout_cave_pods, guppyfry_snake_entry_garden,
          grunt_forest_large_clearings, lemuel_fruit_tree, lemuel_fruit_fields
Lair:4:   layout_regular_city, roderic_carrion_pond, grunt_megastairs_3,
          uniq_kirke
Lair:5:   cheibrodos_lair_end_hotspot, layout_regular_city,
          dpeg_slime_entry_enclosed
Swamp:1:  layout_basic_swamp, evilmike_swamp_ruin_house_4, swamp_pool1,
          uniq_roxanne
Orc:1:    layout_caves
Orc:2:    st_orc_mages, layout_diamond_mine, mines2_david

Skill      XL: |  1  2  3  4  5  6  7  8  9 10 11 12 13 14 15 |
---------------+----------------------------------------------+-----
Dodging        | 3 4 5 6 7 8 9 10 11 12 13 | 13.4
Stealth        | 5 6 7 9 10 12 13 14 15 16 17 | 17.8
Spellcasting   | 3 4 5 7 8 9 10 11 12 | 12.3
Hexes          | 4 5 6 7 8 9 10 11 12 | 12.4
Fighting       | 1 2 3 4 5 6 8 9 10 | 10.0
Short Blades   | 2 3 4 6 7 9 10 | 10.0
Evocations     | 3 5 6 8 9 10 | 10.7
Invocations    | 2 3 5 6 7 8 |  8.3
Poison Magic   | 2 4 5 6 7 |  7.0
Earth Magic    | 1 |  1.4
Conjurations   | 1 |  1.2

Action                     |  1- 3 |  4- 6 |  7- 9 | 10-12 | 13-15 || total
---------------------------+-------+-------+-------+-------+-------++-------
  Melee: Dagger            |    81 |    30 |   284 |   693 |  1464 ||  2552
         Punch             |     2 |       |     4 |    13 |    23 ||    42
   Cast: Ensorcelled Hiber |     2 |    16 |    46 |    78 |   107 ||   249
         Confusing Touch   |       |       |    18 |    64 |   123 ||   205
         Tukima's Dance    |       |       |    16 |     3 |    48 ||    67
         Stone Arrow       |       |       |       |       |    12 ||    12
         Olgreb's Toxic Ra |       |       |       |       |     3 ||     3
 Invoke: Deal Four         |       |       |       |       |     2 ||     2
  Evoke: Wand              |       |       |       |     3 |       ||     3
    Use: Scroll            |     6 |     5 |     2 |    17 |    16 ||    46
         Potion            |       |       |     1 |     5 |    13 ||    19
   Stab: Sleeping          |    11 |    13 |    44 |    82 |   107 ||   257
         Confused          |       |       |    16 |    52 |   107 ||   175
         Invisible         |       |       |     1 |    11 |     5 ||    17
         Distracted        |       |       |     1 |     1 |     5 ||     7
         Petrified         |       |       |       |       |     1 ||     1
 Armour: Robe              |     9 |     2 |    15 |       |       ||    26
         Steam dragon scal |       |       |    25 |    62 |   144 ||   231
  Dodge: Dodged            |    59 |    23 |   182 |   488 |  1127 ||  1879
